AoeStats
← HR Pinkman

Arabia

510243732Analyzed
1v1 RM · 13h ago on Sep 30, 2026· 16m 50s· 2 players
Game mode
Random Map
Map size
Tiny (2 player)
Population
200
Speed
Normal
Resources
Standard
Victory
Conquest
Starting age
Dark Age
Ending age
Imperial Age
RankedLock teamsTeams togetherTeam positionsShared explorationLock speedFull tech treeHidden civsTurbo modeCheats
Victory
Defeat
🇨🇱 Aztecs · Chile
2183
+13
🇦🇷 Saracens · Argentina
2121
-13
qwertyoN.-
6:42 Loom
8:45 Feudal Age
9:58 Double-Bit Axe
9:54 Horse Collar
14:28 Fletching
17:03 Scale Barding Armor
HR Pinkman
6:40 Loom
9:17 Feudal Age
9:29 Man-at-Arms
13:17 Double-Bit Axe
15:59 Fletching
16:50 Town Watch
Connection lost

Rejoining the realm…

Still unreachable

The connection could not be restored.

Session expired

The server has moved on; the page needs a fresh start.